 Dungeon Crawl Stone Soup version 0.28-a0-1002-gf00fe891ef (webtiles) character file.

Game seed: 11729702223950634540

1851 enile the Skirmisher (level 9, -5/72 HPs)
             Began as a Formicid Abyssal Knight on Dec 7, 2021.
             Was a Believer of Lugonu.
             Slain by a yak (7 damage)
             ... on level 9 of the Dungeon.
             The game lasted 00:25:01 (9665 turns).

enile the Skirmisher (Formicid Abyssal Knight)      Turns: 9665, Time: 00:25:02

Health: -5/72      AC:  7    Str: 22    XL:     9   Next: 34%
Magic:  12/12      EV: 14    Int: 10    God:    Lugonu [**....]
Gold:   318        SH:  0    Dex: 11    Spells: 5/8 levels left

rFire   + . .      SeeInvis +   w - +0 short sword (venom)
rCold   x . .      Faith    .   (no shield)
rNeg    . . .      Spirit   .   r - +0 scale mail
rPois   .          Reflect  .   (helmet unavailable)
rElec   .          Harm     .   (no cloak)
rCorr   .          Rampage  .   (no gloves)
Will    .....                   (no boots)
Stlth   +.........              (no amulet)
HPRegen 0.22/turn               k - +4 ring of evasion
MPRegen 0.13/turn               x - ring of fire

@: mighty, studying Conjurations
A: permanent stasis, dig shafts and tunnels, antennae 3, four strong arms
a: Dig, Shaft Self, Renounce Religion, Depart the Abyss, Bend Space


You were on level 9 of the Dungeon.
You worshipped Lugonu.
Lugonu was pleased with you.
You visited 1 branch of the dungeon, and saw 8 of its levels.
You visited the Abyss 1 time.

You collected 318 gold pieces.

Inventory:

Hand Weapons
 a - a +1 falchion
 i - a +0 dire flail of protection
 m - a +0 dagger of speed
 n - a +0 dagger
 w - a +0 short sword of venom (weapon)
Missiles
 o - 77 stones
Armour
 b - a +0 leather armour
 e - a +2 robe of willpower
 r - a +0 scale mail (worn)
Jewellery
 k - a +4 ring of evasion (left hand)
 p - a +4 ring of evasion
 x - a ring of fire (right hand)
Wands
 s - a wand of polymorph (12) (quivered)
 y - a wand of paralysis (12)
Scrolls
 f - a scroll of blinking
 h - 3 scrolls of teleportation
 j - a scroll of vulnerability {unknown}
 l - a scroll of fog {unknown}
 q - 2 scrolls of noise
Potions
 d - 3 potions of curing
 t - a potion of berserk rage {unknown}
 u - a potion of attraction {unknown}
 v - a potion of resistance {unknown}


   Skills:
 - Level 7.0 Fighting
 - Level 2.2(3.0) Short Blades
 - Level 3.0(3.3) Long Blades
 - Level 2.0 Throwing
 - Level 5.0 Armour
 - Level 1.0 Dodging
 - Level 5.0 Stealth
 - Level 3.0 Conjurations
 - Level 3.0 Hexes
 + Level 4.9 Invocations
 - Level 5.0 Evocations


You had 5 spell levels left.
You knew the following spells:

 Your Spells              Type           Power      Damage    Failure   Level
a - Dazzling Flash        Conj/Hex       12%        N/A       63%         3

Your spell library contained the following spells:

 Spells                   Type           Power      Damage    Failure   Level
 Agony                    Necr           0%         N/A       100%        5
 Silence                  Hex/Air        1%         N/A       100%        5


Dungeon Overview and Level Annotations

Branches:
Dungeon (9/15)             Temple (0/1) D:6
   Lair: D:8-11         Orc: D:9-12

Altars:
Okawaru
Ru
Trog

Shops:
D:5 (

Portals:
Abyss: D:4

Annotations:
D:4 2 transporters, sirJeffrey23's ghost, amateur DsGl
D:8 2 runed translucent doors


Innate Abilities, Weirdness & Mutations

You cannot be hasted, slowed, berserked, paralysed or teleported.
You can dig through walls and to a lower floor.
You have a pair of large antennae on your head. (SInv)
Your four strong arms can wield two-handed weapons with a shield.


Message History

The yak is heavily wounded.
The yak closely misses you.
You barely miss the yak.
The yak is severely wounded.
The yak gores you!
* * * LOW HITPOINT WARNING * * *
You hit the yak but do no damage.
The yak looks as sick as possible!
The yak is severely wounded.
The yak barely misses you.
You hit the yak but do no damage.
The yak looks as sick as possible!
The yak is almost dead.
The yak barely misses you.
You hit the yak.
You kill the yak!
Lugonu accepts your kill.
Training target 7.0 for Fighting reached!
Your Fighting skill increases to level 7!
You need to enable at least one skill for training.
You are too injured to fight recklessly!
You are too injured to fight recklessly!
You hit the yak but do no damage.
The yak is poisoned.
You barely miss the yak.
The yak is lightly wounded.
The yak gores you!
* * * LOW HITPOINT WARNING * * *
Space bends sharply around you!
You blink.
Okay, then.
You extend your mandibles.
You dig through the rock wall.
You dig through the rock wall.
You dig through the rock wall.
You dig through the rock wall.
The yak gores you.
* * * LOW HITPOINT WARNING * * *
Okay, then.
It was a potion of might.
You feel very mighty all of a sudden.
The shadow slips into darkness.
The shadow flickers and vanishes for a moment.
The yak gores you!
You die...

.
#..#
.
#..#
.
#..#
.
#.Y#
.
#.W#
.
##.#
.
#Y#
.
#Y#
.
#@#
.
###


You could see 3 yaks and a shadow (invisible).

Vanquished Creatures
  A polar bear (D:8)
  3 yaks (D:9)
  Edmund (D:4)
  A sky beast (D:6)
  A phantom (D:6)
  A scorpion (D:6)
  2 wights (D:8)
  A jelly (D:4)
  5 hounds
  A gnoll shaman (D:8)
  4 orc priests
  3 orc wizards
  2 iguanas (D:4)
  A hound skeleton (D:4)
  17 gnolls
  8 adders
  A shadow imp (D:5)
  An ufetubus (D:5)
  A worm (D:3)
  2 dart slugs
  18 orcs
  5 endoplasms
  3 giant cockroaches
  3 goblins
  5 hobgoblins
  2 jackals (D:1)
  7 kobolds
  3 quokkas (D:1)
  6 ball pythons
  4 bats
  2 frilled lizards
  A quokka skeleton (D:4)
  3 rats
119 creatures vanquished.

Vanquished Creatures (others)
  A wizard (D:3)
  An orc wizard (D:5)
  A plant (D:5)
3 creatures vanquished.

Grand Total: 122 creatures vanquished

Notes
Turn   | Place    | Note
-------+----------+-------------------------------------------
     0 | Abyss:1  | enile the Formicid Abyssal Knight began the quest for the
                  | Orb.
     0 | Abyss:1  | Reached XP level 1. HP: 18/18 MP: 2/2
     0 | D:1      | Escaped the Abyss
   343 | D:1      | Reached XP level 2. HP: 25/25 MP: 3/3
   350 | D:1      | Reached skill level 4 in Fighting
   352 | D:1      | Reached skill level 1 in Dodging
   354 | D:1      | Reached * piety under Lugonu
   361 | D:1      | Reached skill level 1 in Stealth
   528 | D:1      | Reached XP level 3. HP: 28/30 MP: 4/4
  1010 | D:1      | Found a faded altar of an unknown god.
  1658 | D:2      | Reached XP level 4. HP: 18/38 MP: 5/5
  2178 | D:2      | Reached skill level 5 in Fighting
  2713 | D:3      | Found a bloodstained altar of Trog.
  2714 | D:3      | Noticed a wizard
  2720 | D:3      | Killed a wizard
  2915 | D:3      | Found a sacrificial altar of Ru.
  4176 | D:4      | Reached XP level 5. HP: 37/44 MP: 6/6
  4248 | D:4      | Reached skill level 1 in Evocations
  4595 | D:4      | Reached ** piety under Lugonu
  4596 | D:4      | Reached XP level 6. HP: 36/51 MP: 6/8
  4749 | D:4      | Found a transporter.
  4848 | D:4      | Found a one-way gate to the infinite horrors of the Abyss.
  4848 | D:4      | Noticed sirJeffrey23's ghost (amateur DsGl)
  4858 | D:4      | Found a transporter.
  5234 | D:5      | Entered Level 5 of the Dungeon
  5598 | D:5      | Noticed Edmund
  5608 | D:4      | Learned a level 3 spell: Dazzling Flash
  5713 | D:4      | Killed Edmund
  5714 | D:4      | Reached skill level 1 in Hexes
  5714 | D:4      | Reached XP level 7. HP: 11/56 MP: 7/10
  6509 | D:5      | Reached skill level 6 in Fighting
  6573 | D:4      | Reached skill level 1 in Throwing
  6709 | D:4      | Identified a scroll of acquirement
  6712 | D:4      | Acquired a manual of Conjurations
  6971 | D:5      | Reached skill level 1 in Conjurations
  7114 | D:5      | Reached XP level 8. HP: 18/64 MP: 11/11
  7354 | D:5      | Found Uloul's Antique Weapon Boutique.
  7666 | D:6      | Found an iron altar of Okawaru.
  8094 | D:6      | Found a staircase to the Ecumenical Temple.
  8153 | D:6      | HP: 3/64 [poisoned by an orc]
  8455 | D:6      | You fall into a shaft and drop 3 floors!
  8455 | D:9      | Noticed a shadow
  8703 | D:8      | Noticed Joseph
  8705 | D:8      | Noticed Joseph
  8705 | D:8      | Joseph changed into Joseph the polar bear
  8746 | D:8      | Killed Joseph the polar bear
  8747 | D:8      | Reached skill level 5 in Armour
  8945 | D:8      | Found a runed translucent door.
  8950 | D:8      | Noticed a wyvern
  8950 | D:8      | Noticed a centaur warrior
  9126 | D:8      | Found a runed translucent door.
  9426 | D:8      | Reached XP level 9. HP: 68/69 MP: 12/12
  9436 | D:8      | Reached skill level 5 in Stealth
  9628 | D:9      | Reached skill level 5 in Evocations
  9653 | D:9      | Reached skill level 7 in Fighting
  9664 | D:9      | HP: 2/72 [yak (3)]
  9665 | D:9      | Slain by a yak

Illustrated notes

Levels and vault maps discovered:
D:1:      lightli_arrival_farm, layout_loops_ring,
          hellmonk_ecumenical_altar_pennies_from_heaven, minmay_tetromino_o2
D:2:      layout_basic
D:3:      layout_loops_ring, trog_wizard, nicolae_ru_sacrificial_ziggurat
D:4:      layout_basic, gammafunk_ghost_abyssal_escape
D:5:      layout_rooms, serial_shops, nicolae_shop_overgrown_old_shop,
          moated_statue, bh_walls_and_bars, uniq_edmund
D:6:      cheibrodos_iron_armory, layout_gridville, okawaru_metal_pillars_1_2,
          mainiacjoe_overflow_alcove_2, minmay_temple_entry_glassed_door,
          minmay_misc_feat_hallway
D:8:      cheibrodos_histonic, layout_basic, uniq_joseph, uniq_psyche,
          uniq_erica
D:9:      layout_small_grid, elyvilon_altar_1, serial_glass, glass_columns_b,
          glass_columns_c, glass_columns_b, glass_columns_a, glass_columns_a,
          glass_columns_b, glass_columns_b, glass_columns_a, glass_columns_a,
          glass_columns_a, glass_columns_c, glass_columns_b, glass_columns_a,
          glass_columns_a

Skill      XL: |  1  2  3  4  5  6  7  8  9 |
---------------+----------------------------+-----
Fighting       | 4 5 6 7 |  7.0
Dodging        | 1 |  1.0
Stealth        | 1 2 3 4 5 |  5.0
Long Blades    | 3 |  3.0
Evocations     | 2 4 5 |  5.0
Invocations    | 3 4 |  4.9
Armour         | 4 5 |  5.0
Hexes          | 1 2 3 |  3.0
Throwing       | 2 |  2.0
Conjurations   | 2 3 |  3.0
Short Blades   | 2 |  2.2

Action                   |  1- 3 |  4- 6 |  7- 9 || total
-------------------------+-------+-------+-------++-------
Melee: Falchion          |    66 |   116 |   197 ||   379
       Dagger            |       |   111 |       ||   111
       Short sword       |       |       |    90 ||    90
Throw: Stone             |       |     2 |     2 ||     4
       Throwing net      |       |     1 |     1 ||     2
Invok: Depart the Abyss  |     1 |       |       ||     1
       Bend Space        |       |     1 |     4 ||     5
 Abil: Dig               |       |       |     2 ||     2
       Shaft Self        |       |       |     1 ||     1
Evoke: Wand              |       |    12 |    10 ||    22
  Use: Scroll            |       |     3 |     6 ||     9
       Potion            |       |       |     2 ||     2
 Stab: Sleeping          |       |     2 |       ||     2
Armor: Leather armour    |    27 |     2 |       ||    29
       Scale mail        |       |    65 |    82 ||   147
Dodge: Dodged            |    32 |   152 |   321 ||   505

Table legend: (Time is in decaauts)
 A = Elapsed time spent in this place.
 B = Non-inter-level travel time spent in this place.
 C = Inter-level travel time spent in this place.
 D = Time resting spent in this place.
 E = Time spent auto-exploring this place.
 F = Levels seen in this place.
 G = Mean time per level.
                   A        B        C        D        E       F      G
               +--------+--------+--------+--------+--------+-----+--------+
         Total |   9739 |   9314 |    425 |   1398 |   6139 |   9 | 1082.1 |
       Dungeon |   9739 |   9314 |    425 |   1398 |   6139 |   8 | 1217.4 |
         Abyss |      0 |      0 |      0 |      0 |      0 |   1 |    0.0 |
               +--------+--------+--------+--------+--------+-----+--------+

Top non-repeatable levels by time:
     D:4: 2570 daAuts
     D:2: 1416 daAuts
     D:3: 1389 daAuts
     D:1: 1358 daAuts
     D:5: 990 daAuts
     D:8: 985 daAuts
     D:6: 806 daAuts
     D:9: 221 daAuts
